cohdb
Replays
Latest Replays
All Replays
Popular Replays
Top Player Replays
Match Explorer
How It Works
Community
CoH3 Stats
Reddit
Sign in to upload your games and track your stats! →
Sign in with Steam
Match 43712369
Unlisted
Match 43712369
Overview
Messages
Build Orders
End
Selects Airborne Battlegroup
Selects Heavy Machine Gun Paradrop
Construct Weapon Support Center
Heavy Machine Gun Paradrop
Bazooka Squad
Bazooka Squad
Mechanized Support Center
Selects Paratrooper Squad Paradrop
Construct Motor Pool
Paratrooper Squad Paradrop
Construct Medical Station
Engineer Squad
M8 Greyhound Armored Car
M8 Greyhound Armored Car
Salvage Crew
Improvised Armor
M8 Greyhound Armored Car
Heavy Machine Gun Paradrop
Selects Recon Loiter
Selects Supply Drop
M8 Greyhound Armored Car
M8 Greyhound Armored Car
M8 Greyhound Armored Car
Bazooka Squad
Bazooka Squad
Selects Carpet Bombing Run
Supply Drop
Bazooka Squad
Improved M9 Bazooka Rockets
Bazooka Squad
Carpet Bombing Run
Construct Tank Depot
Bazooka Squad
Engineer Squad
Selects Anti-tank Gun Team Paradrop
Bazooka Squad
Bazooka Squad
Carpet Bombing Run
M4(105) Sherman Bulldozer
Supply Drop
M18 Hellcat Tank Destroyer
Carpet Bombing Run
M4A1 Sherman Medium Tank
Rafaelo
Falcon918
1663626663
Longski
Großdeutschland
AngerSalt
Joraad
Owen
0
0
Comments
sign in to comment!
No comments posted yet!